 Dungeon Crawl Stone Soup version 0.31-a0-819-gf6de2f5ab6 (webtiles) character file.

Game seed: 8275914798818819150

243 qw the Shooter (level 6, -1/38 HPs)
             Began as a Gargoyle Hunter on Sept 23, 2023.
             Was an Initiate of Okawaru.
             Slain by a black bear (10 damage)
             ... on level 5 of the Dungeon.
             The game lasted 00:01:05 (3074 turns).

qw the Shooter (Gargoyle Hunter)                    Turns: 3074, Time: 00:01:05

Health: -1/38      AC: 10    Str: 14    XL:     6   Next: 9%
Magic:  6/6        EV: 10    Int: 10    God:    Okawaru [......]
Gold:   327        SH:  0    Dex: 15    Spells: 5/5 levels left

rFire   . . .        Y - +0 shortbow
rCold   . . .        (shield currently unavailable)
rNeg    + . .        b - +0 ring mail
rPois   inf          (no helmet)
rElec   +            f - +0 cloak
rCorr   .            (no gloves)
SInv    .            (no boots)
Will    .....        (no amulet)
Stlth   +            (no ring)
HPRegen 0.26/turn    (no ring)
MPRegen 0.10/turn

%: no passive effects
@: no status effects
A: sickness immunity, AC +4, negative energy resistance 1, electricity
resistance, torment resistance 1, petrification resistance
a: Renounce Religion


You were on level 5 of the Dungeon.
You worshipped Okawaru.
Okawaru was noncommittal.
You visited 2 branches of the dungeon, and saw 6 of its levels.

You collected 327 gold pieces.


Innate Abilities, Weirdness & Mutations

You are immune to sickness and miasma.
Your stone body is resilient. (AC +4)
You are immune to poison.
You resist negative energy. (rN+)
You are resistant to electric shocks. (rElec)
You are resistant to unholy torment.
You are immune to petrification.


   Skills:
 - Level 4.1 Fighting
 + Level 6.2 Ranged Weapons
 - Level 1.0 Armour
 - Level 1.5 Dodging
 - Level 1.1 Stealth


You had 5 spell levels left.
You didn't know any spells.
Your spell library was empty.

Inventory:

Hand Weapons
 Y - a +0 shortbow (weapon)
Armour
 b - a +0 ring mail (worn)
 f - a +0 cloak (worn)
Scrolls
 d - a scroll of identify
Potions
 c - a potion of curing
 e - a potion of enlightenment {unknown}
 g - a potion of ambrosia {unknown}
 i - a potion of brilliance {unknown}

Dungeon Overview and Level Annotations

Branches:
Dungeon (5/15)             Temple (1/1) D:4

Altars:
Ashenzari
Cheibriados
Dithmenos
Elyvilon
Gozag
Hepliaklqana
Kikubaaqudgha
Nemelex Xobeh
Okawaru
Qazlal
Ru
Uskayaw
Vehumet
Wu Jian
Xom
Yredelemnul
The Shining One


Message History

You shoot an arrow.
The arrow closely misses the black bear.
The black bear bites you but does no damage.
The black bear claws you but does no damage.
The black bear barely misses you.
You shoot an arrow.
The arrow closely misses the black bear.
The black bear bites you but does no damage.
The black bear claws you. x2; The black bear barely misses you.
The black bear claws you but does no damage.
The black bear closely misses you.
You shoot an arrow.
The arrow hits the black bear but does no damage.
The black bear is heavily wounded.
The black bear bites you but does no damage.
The black bear claws you but does no damage.
The black bear claws you.
You shoot an arrow. The arrow hits the black bear.
The black bear is severely wounded.
The black bear bites you but does no damage.
The black bear claws you but does no damage.
The black bear closely misses you.
You shoot an arrow.
The arrow completely misses the black bear.
The black bear goes berserk!
You shoot an arrow. The arrow hits the black bear.
The black bear is severely wounded.
The black bear bites you but does no damage.
The black bear claws you.
The black bear claws you but does no damage.
The black bear bites you.
The black bear claws you but does no damage.
The black bear barely misses you.
You shoot an arrow.
The arrow hits the black bear but does no damage.
The black bear is severely wounded.
The black bear barely misses you. x2
The black bear claws you but does no damage.
The black bear bites you!
You die...

##. #######.[
# ###.......#
.# ..........
..
#........##.#
#.......>.##
#.#...<....#
#@#o...###....
##h#....# .
#.)..o###
#..#.###
#.#.:# #...##
####


You could see a black bear (berserk).

Vanquished Creatures
  A scorpion (D:4)
  An orc priest (D:4)
  A sleepcap (D:4)
  3 gnolls (D:3)
  4 adders
  5 orcs
  4 endoplasms
  3 goblins
  9 hobgoblins
  3 jackals (D:1)
  8 kobolds
  2 quokkas
  5 ball pythons
  6 bats
  3 frilled lizards
  6 rats
64 creatures vanquished.

Notes
Turn   | Place    | Note
-------+----------+-------------------------------------------
     0 | D:1      | qw the Gargoyle Hunter began the quest for the Orb.
     0 | D:1      | Reached XP level 1. HP: 12/12 MP: 1/1
     0 | D:1      | 0 ||| qw: Version: 0.3-a-83-gcd0e7d8
     0 | D:1      | 0 ||| qw: Game counter: 1361
     0 | D:1      | 0 ||| qw: Melee chars always use a shield: true
     0 | D:1      | 0 ||| qw: God list: Okawaru
     0 | D:1      | 0 ||| qw: Allow faded altars: false
     0 | D:1      | 0 ||| qw: Do Orc after clearing Dungeon:15 true
     0 | D:1      | 0 ||| qw: Do second Lair branch before Depths: true
     0 | D:1      | 0 ||| qw: Lair rune preference: random
     0 | D:1      | 0 ||| qw: Goals: Normal
     0 | D:1      | 0 ||| PLANNING D:1-11
   123 | D:1      | Reached XP level 2. HP: 17/17 MP: 2/2
   509 | D:1      | Reached XP level 3. HP: 21/21 MP: 3/3
   780 | D:1      | Reached skill level 5 in Ranged Weapons
   854 | D:1      | 854 ||| READING scroll labelled KIXADO RALE.
   855 | D:1      | 855 ||| DRINKING 2 bubbling cyan potions.
   877 | D:1      | 877 ||| DROPPING scroll of butterflies.
   878 | D:1      | 878 ||| DROPPING potion of lignification.
  1165 | D:2      | Reached skill level 3 in Fighting
  1287 | D:2      | Reached XP level 4. HP: 23/28 MP: 4/4
  1466 | D:2      | 1466 ||| UPGRADING to +0 ring mail.
  1476 | D:2      | 1476 ||| DROPPING +0 leather armour.
  1477 | D:2      | 1477 ||| READING 2 scrolls of identify.
  1477 | D:2      | 1477 ||| IDENTIFYING murky puce potion
  1478 | D:2      | 1478 ||| DROPPING potion of invisibility.
  1552 | D:3      | 1552 ||| Stepping ~*~*~tactically~*~*~ (retreating).
  1558 | D:3      | Reached skill level 1 in Armour
  1570 | D:3      | HP: 5/28 [gnoll/+0 whip (7)]
  1571 | D:3      | HP: 2/28 [gnoll/+0 whip (4)]
  2329 | D:3      | 2329 ||| UPGRADING to +0 cloak.
  2334 | D:3      | 2334 ||| READING scroll labelled HARRAS KECEERR.
  2335 | D:3      | 2335 ||| READING scroll labelled IZXAEC ITAKKE.
  2336 | D:3      | 2336 ||| READING scroll labelled BETATEU HIUD.
  2477 | D:4      | 2477 ||| RETREEAATING.
  2480 | D:4      | Reached XP level 5. HP: 32/32 MP: 5/5
  2487 | D:4      | Reached skill level 6 in Ranged Weapons
  2563 | D:4      | Found a staircase to the Ecumenical Temple.
  2564 | D:4      | 2564 ||| PLANNING TEMPLE
  2564 | D:4      | 2564 ||| DROPPING ring of flight.
  2565 | D:4      | 2565 ||| READING scroll labelled XEVEUS MIWN.
  2566 | D:4      | 2566 ||| READING 2 scrolls of identify.
  2566 | D:4      | 2566 ||| IDENTIFYING white potion
  2576 | Temple   | Entered the Ecumenical Temple
  2577 | Temple   | 2577 ||| PLANNING OKAWARU WORSHIP
  2596 | Temple   | Became a worshipper of Warmaster Okawaru
  2597 | Temple   | 2597 ||| PLANNING D:1-11
  2841 | D:4      | Reached XP level 6. HP: 38/38 MP: 6/6
  3018 | D:4      | 3018 ||| READING scroll labelled VUECUSULA.
  3019 | D:4      | 3019 ||| READING 2 scrolls of identify.
  3019 | D:4      | 3019 ||| IDENTIFYING fizzy red potion
  3020 | D:4      | 3020 ||| DROPPING potion of berserk rage.
  3050 | D:5      | Entered Level 5 of the Dungeon
  3050 | D:5      | Noticed a black bear
  3051 | D:5      | 3051 ||| RETREEAATING.
  3052 | D:5      | 3052 ||| Stepping ~*~*~tactically~*~*~ (retreating).
  3053 | D:5      | 3053 ||| Stepping ~*~*~tactically~*~*~ (retreating).
  3054 | D:5      | 3054 ||| STILL RETREEAATING.
  3055 | D:5      | 3055 ||| Stepping ~*~*~tactically~*~*~ (retreating).
  3056 | D:5      | 3056 ||| Stepping ~*~*~tactically~*~*~ (retreating).
  3057 | D:5      | 3057 ||| Stepping ~*~*~tactically~*~*~ (retreating).
  3060 | D:5      | 3060 ||| Stepping ~*~*~tactically~*~*~ (retreating).
  3062 | D:5      | 3062 ||| Stepping ~*~*~tactically~*~*~ (retreating).
  3073 | D:5      | HP: 9/38 [black bear (3)]
  3074 | D:5      | Slain by a black bear

Levels and vault maps discovered:
D:1:      lemuel_arrival_behind_the_door_large, layout_loops_ring,
          minmay_misc_feat_tiny, grunt_decor_clamped, minmay_rat_gold_closets
D:2:      layout_basic
D:3:      layout_basic
D:4:      layout_rooms, minmay_temple_entry_large_hall
D:5:      layout_rooms, kennysheep_orc_sif_temple, minitemple
Temple:   nicolae_temple_bog_church

Skill      XL: |  1  2  3  4  5 |
---------------+----------------+-----
Ranged Weapons | 5 6 |  6.2
Fighting       | 3 4 |  4.1
Armour         | 1 |  1.0
Dodging        | |  1.5
Stealth        | |  1.1

Action                     |  1- 3 |  4- 6 || total
---------------------------+-------+-------++-------
   Fire: Shortbow          |   125 |   124 ||   249
    Use: Scroll            |     1 |     8 ||     9
         Potion            |     1 |       ||     1
 Armour: Leather armour    |    43 |     2 ||    45
         Ring mail         |       |    84 ||    84
  Dodge: Dodged            |    39 |    61 ||   100

Table legend:
 A = Non-vault XP
 B = Vault XP
 C = Vault XP percentage of total XP
 D = Non-vault monster count
 E = Vault monster count
 F = Vault count percentage of total count
                 A         B        C        D         E       F
            +---------+---------+-------+---------+---------+-------
      Total |     344 |       4 |   1.1 |      60 |       4 |   6.2
            +---------+---------+-------+---------+---------+-------
        D:1 |      35 |       4 |  10.3 |      23 |       4 |  14.8
        D:2 |      58 |       0 |   0.0 |      14 |       0 |   0.0
        D:3 |      67 |       0 |   0.0 |      12 |       0 |   0.0
        D:4 |     181 |       0 |   0.0 |      10 |       0 |   0.0
        D:5 |       3 |       0 |   0.0 |       1 |       0 |   0.0
            +---------+---------+-------+---------+---------+-------
